[Event "November 21 Late 2023"]
[Site "https://www.chess.com"]
[Date "2023.11.21"]
[Round "4"]
[White "ilya2700"]
[Black "Statham_l3"]
[Result "1-0"]
[Board "70"]
[TimeControl "180+1"]
[WhiteElo "2235"]
[BlackElo "2601"]
[WhiteClock "0:00:05"]
[BlackClock "0:00:02"]

1. e4 e5 2. Nf3 Nc6 3. Bc4 Bc5 4. d3 Nf6 5. Nc3 d6 6. Na4 Bg4 7. Nxc5 dxc5 8. c3 Qd6 9. h3 Bd7 10. O-O Na5 11. Bb3 Nxb3 12. Qxb3 O-O-O 13. Ng5 Be6 14. Nxe6 Qxe6 15. Qxe6+ fxe6 16. Rd1 c4 17. Bg5 cxd3 18. Bxf6 gxf6 19. Rd2 c5 20. b3 b5 21. c4 bxc4 22. Rc1 Rd4 23. bxc4 Rhd8 24. f3 Kc7 25. Kf2 f5 26. Ke3 Rg8 27. Rc3 f4+ 28. Kf2 Rb8 29. Ra3 Rb7 30. Rc3 Rb4 31. h4 Rbxc4 32. Rdxd3 Rxc3 33. Rxc3 Rd2+ 34. Ke1 Rxg2 35. Rxc5+ Kd6 36. Ra5 Rh2 37. Ra6+ Kc5 38. Rxe6 Kd4 39. Ra6 Rb2 40. Rxa7 h5 41. Ra3 Rb1+ 42. Kd2 Rh1 43. Ra4+ Kc5 44. Kc3 Rh3 45. Ra5+ Kd6 46. Rd5+ Ke6 47. Rd3 Rxh4 48. a4 Rh1 49. Kb4 Rb1+ 50. Rb3 Rc1 51. a5 h4 52. Rb2 h3 53. a6 Ra1 54. Kb5 Kd6 55. Kb6 Kd7 56. Kb7 Ra3 57. a7 Rxa7+ 58. Kxa7 Kc6 59. Rh2 Kc5 60. Rxh3 Kd4 61. Rh5 Ke3 62. Rxe5 Kxf3 63. Re8 Kg4 64. Rf8 f3 65. e5 f2 66. e6 f1=Q 67. Rxf1 1-0

[Event "November 21 Late 2023"]
[Site "https://www.chess.com"]
[Date "2023.11.21"]
[Round "4"]
[White "Sturt, Raven"]
[Black "Orphanator2009"]
[Result "1/2-1/2"]
[Board "71"]
[TimeControl "180+1"]
[WhiteFideId "2007304"]
[WhiteElo "2408"]
[BlackElo "2227"]
[WhiteTeam "USA"]
[WhiteClock "0:00:09"]
[BlackClock "0:00:10"]

1. f4 d5 2. Nf3 g6 3. e3 Bg7 4. d4 Bf5 5. c4 c6 6. Nc3 Nf6 7. Qb3 Qb6 8. cxd5 Qxb3 9. axb3 Nxd5 10. Ne5 Nd7 11. Nxd5 cxd5 12. Bb5 f6 13. Nf3 Kf7 14. Bd2 a6 15. Be2 Rhc8 16. Bc3 Be4 17. Kd2 h6 18. Ra5 f5 19. Rha1 Nb6 20. Rg1 Bf6 21. h3 h5 22. Ne5+ Bxe5 23. fxe5 e6 24. Raa1 Rc6 25. Raf1 Rh8 26. Ra1 Rhc8 27. Raf1 Rh8 28. Rf2 Rcc8 29. Bd1 Rc6 30. Bb4 Nc8 31. Bc5 Nb6 32. g4 hxg4 33. hxg4 Nd7 34. Bb4 Rcc8 35. gxf5 gxf5 36. Ba5 Rcg8 37. Rgf1 Rg3 38. Be2 Rhh3 39. Bc3 Rxe3 40. Bg4 Rhg3 41. Be2 Rh3 42. Bg4 Rd3+ 43. Kc1 Rh4 44. Be2 Rg3 45. Kd2 Rhh3 46. Kd1 Rg5 47. Kd2 Rh1 48. Rxh1 Bxh1 49. Rh2 Be4 50. Rh8 Rg8 51. Rh7+ Rg7 52. Rh8 f4 53. Rh6 f3 54. Bf1 Rg1 55. Bh3 f2 56. Ke2 f1=Q+ 57. Bxf1 Bd3+ 58. Kxd3 Rxf1 59. Rh7+ Ke8 60. Bb4 Rf7 61. Rh8+ Nf8 62. Bd6 Rf3+ 63. Ke2 Rf7 64. b4 Rf5 65. b3 b5 66. Kd3 Rf7 67. Ke3 Rf5 68. Rh7 Rf7 69. Rxf7 Kxf7 70. Bxf8 Kxf8 71. Kf4 Kg8 72. Kg4 Kh8 73. Kh5 Kh7 74. Kg5 Kg7 75. Kh5 Kh7 76. Kg5 Kg7 77. Kh5 Kh7 1/2-1/2

[Event "November 21 Late 2023"]
[Site "https://www.chess.com"]
[Date "2023.11.21"]
[Round "4"]
[White "Milchev, Nikolay"]
[Black "DraningWaterHi"]
[Result "1-0"]
[Board "72"]
[TimeControl "180+1"]
[WhiteFideId "2906090"]
[WhiteElo "2449"]
[BlackElo "2142"]
[WhiteTeam "ENG"]
[WhiteClock "0:01:43"]
[BlackClock "0:02:00"]

1. Nf3 Nf6 2. c4 g6 3. Nc3 Bg7 4. e4 d6 5. d4 O-O 6. h3 e5 7. dxe5 dxe5 8. Be3 Nbd7 9. c5 c6 10. a3 a5 11. b4 Qe7 12. Be2 Rd8 13. O-O Nh5 14. Qd6 Qe8 15. Rfd1 Bf8 16. Qc7 axb4 17. axb4 Rxa1 18. Rxa1 Nf4 19. Bc4 Qe7 20. Rd1 h6 21. Rd6 Qe8 22. Bxf4 Bxd6 23. Qxd6 exf4 24. Qxg6+ Kf8 25. Qxh6+ Kg8 26. Ng5 Ne5 27. Qh7+ Kf8 28. Qh8+ Ke7 29. Qxe5+ Kd7 30. Qd6# 1-0

[Event "November 21 Late 2023"]
[Site "https://www.chess.com"]
[Date "2023.11.21"]
[Round "4"]
[White "Yushko, Olga"]
[Black "Erdogan, Anil Berk"]
[Result "0-1"]
[Board "73"]
[TimeControl "180+1"]
[WhiteFideId "14114500"]
[BlackFideId "6348173"]
[WhiteElo "2028"]
[BlackElo "2007"]
[WhiteTeam "UKR"]
[BlackTeam "TUR"]
[WhiteClock "0:00:02"]
[BlackClock "0:00:54"]

1. d4 Nf6 2. c4 c5 3. d5 e6 4. Nc3 exd5 5. cxd5 d6 6. Nf3 g6 7. Bg5 Bg7 8. e4 a6 9. a4 Bg4 10. Be2 Bxf3 11. Bxf3 O-O 12. O-O Nbd7 13. Bf4 Qe7 14. Re1 Ne5 15. Be2 Nfd7 16. Qd2 Rab8 17. Nd1 c4 18. Bg5 Bf6 19. Be3 g5 20. g3 g4 21. Bf4 b5 22. axb5 axb5 23. Ne3 Bg7 24. Bxg4 Nxg4 25. Nxg4 Ne5 26. Bxe5 Bxe5 27. Ne3 Qf6 28. Ng4 Qg7 29. f4 Bxb2 30. Rab1 Bd4+ 31. Kh1 Bc3 32. Qe2 Bxe1 33. Rxe1 c3 34. e5 b4 35. Nf6+ Kh8 36. Nd7 b3 37. Nxb8 Rxb8 38. Qc4 b2 39. Rb1 Qg6 40. e6 Qxb1+ 41. Kg2 Qc2+ 42. Kh3 Qf5+ 43. g4 Qf6 44. g5 Qg7 45. Kg4 b1=Q 0-1

[Event "November 21 Late 2023"]
[Site "https://www.chess.com"]
[Date "2023.11.21"]
[Round "4"]
[White "Ivanov, Aleksandr"]
[Black "Leiva, Gianmarco"]
[Result "0-1"]
[Board "74"]
[TimeControl "180+1"]
[WhiteFideId "2092980"]
[BlackFideId "3804399"]
[WhiteElo "2090"]
[BlackElo "2335"]
[WhiteTeam "USA"]
[BlackTeam "PER"]
[WhiteClock "0:00:21"]
[BlackClock "0:01:05"]

1. d4 g6 2. c4 Bg7 3. e4 d6 4. Nc3 Nc6 5. d5 Nd4 6. Be3 c5 7. dxc6 Nxc6 8. Nf3 Bxc3+ 9. bxc3 Nf6 10. Bd3 Bg4 11. h3 Bxf3 12. Qxf3 Ne5 13. Qe2 Rc8 14. Bxa7 b6 15. c5 Nxd3+ 16. Qxd3 bxc5 17. Qb5+ Qd7 18. Qb6 Ra8 19. Rb1 O-O 20. O-O Rxa7 21. e5 dxe5 22. Qxc5 Rxa2 23. Qxe5 Rc8 24. Rfe1 Ra7 25. Red1 Qc7 26. Qe3 Ra3 27. Qd4 Rxc3 28. h4 Rc2 29. Ra1 Qc5 30. Qf4 Qf5 31. Qd4 R8c4 32. Qd8+ Kg7 33. Ra8 Qxf2+ 0-1

[Event "November 21 Late 2023"]
[Site "https://www.chess.com"]
[Date "2023.11.21"]
[Round "4"]
[White "DAVIDHDZSTS"]
[Black "Manukyan, Sargis A."]
[Result "0-1"]
[Board "75"]
[TimeControl "180+1"]
[BlackFideId "13303970"]
[WhiteElo "1865"]
[BlackElo "2204"]
[BlackTeam "ARM"]
[WhiteClock "0:00:03"]
[BlackClock "0:01:25"]

1. d4 d5 2. Nc3 e6 3. Bf4 Nf6 4. e3 Bd6 5. Nf3 O-O 6. Bd3 Nc6 7. O-O Nb4 8. Bxd6 Qxd6 9. a3 Nxd3 10. Qxd3 a5 11. Rfe1 b6 12. e4 Ba6 13. Qd2 dxe4 14. Nxe4 Nxe4 15. Rxe4 Bb7 16. Rh4 Rad8 17. Qg5 Bxf3 18. gxf3 Qd5 19. Qxd5 Rxd5 20. c3 Rfd8 21. Kf1 g6 22. Ke2 e5 23. Ke3 Kg7 24. Re4 exd4+ 25. cxd4 R8d7 26. Rc1 f5 27. Re6 Rxd4 28. Rec6 Rd3+ 29. Kf4 R7d4+ 30. Kg3 Rg4+ 31. Kh3 Rxf3# 0-1

[Event "November 21 Late 2023"]
[Site "https://www.chess.com"]
[Date "2023.11.21"]
[Round "4"]
[White "Terry, Renato"]
[Black "Saim, Mohamed Ilias"]
[Result "0-1"]
[Board "76"]
[TimeControl "180+1"]
[WhiteFideId "3803457"]
[BlackFideId "7900465"]
[WhiteElo "2572"]
[BlackElo "2063"]
[WhiteTeam "PER"]
[BlackTeam "ALG"]
[WhiteClock "0:00:09"]
[BlackClock "0:00:27"]

1. e4 c5 2. Nf3 Nc6 3. Bb5 g6 4. O-O Bg7 5. c3 e5 6. Na3 Nge7 7. Nc2 d5 8. exd5 Qxd5 9. Ne3 Qd8 10. Nc4 O-O 11. Re1 f6 12. Ba4 Be6 13. Bb3 Kh8 14. d3 Bd5 15. Ncd2 Qd7 16. Ne4 b6 17. Qe2 Rad8 18. Rd1 Bxb3 19. axb3 f5 20. Ng3 e4 21. Ne1 Ne5 22. d4 cxd4 23. Rxd4 Qc7 24. Bf4 N7c6 25. Rdd1 Qb7 26. h4 Ne7 27. h5 Nd5 28. Bg5 Bf6 29. Bh6 Bg7 30. Bg5 Bf6 31. Bxf6+ Nxf6 32. Qb5 Neg4 33. hxg6 hxg6 34. Ne2 Qc7 35. g3 Qh7 36. Ng2 Qh2+ 37. Kf1 Qh1+ 38. Ng1 Nh2+ 39. Ke2 Qxg2 40. Rxd8 Rxd8 41. Qe5 Ng4 42. Qf4 Nd5 0-1

[Event "November 21 Late 2023"]
[Site "https://www.chess.com"]
[Date "2023.11.21"]
[Round "4"]
[White "Martins, Bruno Andre Leite"]
[Black "Rosen, Eric"]
[Result "0-1"]
[Board "77"]
[TimeControl "180+1"]
[WhiteFideId "1942255"]
[BlackFideId "2032562"]
[WhiteElo "2307"]
[BlackElo "2346"]
[WhiteTeam "POR"]
[BlackTeam "USA"]
[WhiteClock "0:00:00"]
[BlackClock "0:00:27"]

1. e4 e5 2. Nf3 Nf6 3. Nc3 Bc5 4. Bc4 Nc6 5. O-O d6 6. a3 a6 7. Re1 Bg4 8. Be2 h6 9. d3 Qd7 10. b4 Bb6 11. Nd5 Nxd5 12. exd5 Ne7 13. c4 Bxf3 14. Bxf3 Bd4 15. Ra2 O-O 16. Be3 Bxe3 17. fxe3 f5 18. Rf1 Rf6 19. Raf2 Raf8 20. e4 Qe8 21. Bh5 g6 22. Be2 Kg7 23. Qd2 R8f7 24. Rf3 Qf8 25. Rh3 f4 26. Bg4 Qe8 27. Be6 Rf8 28. c5 Rxe6 29. dxe6 Nc6 30. cxd6 cxd6 31. Rhf3 Qxe6 32. Rc1 g5 33. Rff1 Rf7 34. a4 Nd4 35. Rc4 b5 36. axb5 axb5 37. Rxd4 exd4 38. Qb2 Qe5 39. h3 h5 40. Qe2 Kg6 41. Ra1 f3 42. gxf3 Qg3+ 43. Qg2 Rxf3 44. Ra6 Qe1+ 45. Kh2 Rf2 46. Rxd6+ Kf7 0-1

[Event "November 21 Late 2023"]
[Site "https://www.chess.com"]
[Date "2023.11.21"]
[Round "4"]
[White "a-z30"]
[Black "Wu, Derek"]
[Result "1-0"]
[Board "78"]
[TimeControl "180+1"]
[BlackFideId "30914558"]
[WhiteElo "2484"]
[BlackElo "2211"]
[BlackTeam "USA"]
[WhiteClock "0:00:10"]
[BlackClock "0:00:14"]

1. d3 e5 2. Nf3 Nc6 3. g3 d5 4. Bg2 Be6 5. O-O f6 6. c3 Qd7 7. b4 h5 8. Nh4 Nge7 9. b5 Nd8 10. e4 g5 11. Nf5 Nxf5 12. exf5 Bxf5 13. Re1 Nf7 14. Qb3 O-O-O 15. c4 dxc4 16. dxc4 Qd3 17. Nc3 Bc5 18. Be3 Bd4 19. Rac1 Be6 20. Qa4 Qxc4 21. Qa5 Bxe3 22. Rxe3 Kb8 23. Ree1 Qd4 24. Na4 Rc8 25. Nc5 Bd5 26. Red1 Qxd1+ 27. Rxd1 Bxg2 28. Kxg2 Nd6 29. Qb4 Rhd8 30. Na6+ bxa6 31. bxa6+ Ka8 32. Rxd6 Re8 33. Qb7# 1-0

[Event "November 21 Late 2023"]
[Site "https://www.chess.com"]
[Date "2023.11.21"]
[Round "4"]
[White "liwadas82"]
[Black "Vasquez Vargas, Henry Richard"]
[Result "0-1"]
[Board "79"]
[TimeControl "180+1"]
[BlackFideId "3836878"]
[WhiteElo "2455"]
[BlackElo "2012"]
[BlackTeam "PER"]
[WhiteClock "0:00:03"]
[BlackClock "0:00:34"]

1. e4 Nf6 2. e5 Nd5 3. d4 d6 4. Nf3 dxe5 5. Nxe5 c6 6. Bc4 Nd7 7. Nxd7 Bxd7 8. O-O g6 9. Qf3 Be6 10. Re1 Bg7 11. c3 O-O 12. Bb3 Bf5 13. Nd2 a5 14. a4 Re8 15. Nc4 Be6 16. Ne5 Qb6 17. Ba2 Rad8 18. h4 c5 19. c4 Nb4 20. d5 Bf5 21. Bb1 Bxe5 22. Rxe5 Bxb1 23. Rxb1 Nc2 24. Qd3 Nd4 25. Re1 e6 26. Be3 Nf5 27. Qc2 exd5 28. cxd5 Rxd5 29. Bxc5 Rxe1+ 30. Rxe1 Qxc5 31. Re8+ Kg7 32. Qe2 Qc1+ 33. Kh2 Qf4+ 34. g3 Qd4 35. h5 Qd2 36. Qxd2 Rxd2 37. Kg2 Rxb2 38. hxg6 hxg6 39. Ra8 b6 40. Ra6 Rb4 41. f3 Ne3+ 42. Kf2 Nd5 43. g4 Nc3 44. Ra7 Nxa4 45. Kg3 Nc5 46. g5 Rb3 47. Kg4 a4 48. f4 a3 49. f5 Rb4+ 50. Kg3 gxf5 51. g6 Kxg6 52. Rd7 Rb3+ 53. Kf2 Nxd7 54. Ke1 Ne5 55. Kd2 Nd7 56. Kc2 Nc5 57. Kd2 a2 58. Kc2 a1=Q 0-1

[Event "November 21 Late 2023"]
[Site "https://www.chess.com"]
[Date "2023.11.21"]
[Round "4"]
[White "Banzea, Alexandru-Bogdan"]
[Black "Zeman, Matyas"]
[Result "1/2-1/2"]
[Board "80"]
[TimeControl "180+1"]
[WhiteFideId "1232622"]
[BlackFideId "364398"]
[WhiteElo "2294"]
[BlackElo "2286"]
[WhiteTeam "ROU"]
[BlackTeam "CZE"]
[WhiteClock "0:00:04"]
[BlackClock "0:00:09"]

1. d4 Nf6 2. Nc3 e6 3. Bf4 d5 4. Nb5 Na6 5. e3 c6 6. Nc3 Nb8 7. Bd3 b6 8. Nf3 Ba6 9. Ne5 Bxd3 10. cxd3 Nfd7 11. O-O Nxe5 12. Bxe5 Nd7 13. Bg3 Be7 14. Qa4 Qc8 15. Rac1 Qb7 16. b4 O-O 17. Qb3 Rac8 18. a3 Qa6 19. Na4 c5 20. dxc5 bxc5 21. b5 Qa5 22. Rc2 Nb6 23. Nb2 c4 24. dxc4 Qxa3 25. Qxa3 Bxa3 26. Ra1 Bxb2 27. Rxb2 Rxc4 28. h3 Ra4 29. Rxa4 Nxa4 30. Ra2 Nc3 31. Ra5 Ne2+ 32. Kh2 Nxg3 33. Kxg3 Rb8 34. Rxa7 Kf8 35. Ra5 Ke7 36. Kf4 Kf6 37. Kf3 Ke5 38. Ra7 Kf6 39. Ra5 Rb7 40. Ke2 Ke5 41. Kd3 Kd6 42. Ra6+ Kc5 43. Rc6+ Kxb5 44. Rc8 g6 45. g4 e5 46. g5 Re7 47. Rh8 Kc5 48. Rxh7 Kd6 49. h4 Ke6 50. e4 dxe4+ 51. Kxe4 Ra7 52. h5 Ra4+ 53. Ke3 gxh5 54. Rxh5 Kf5 55. g6+ Kxg6 56. Rxe5 Ra6 57. Rb5 Rf6 58. f4 Re6+ 59. Kf3 f5 60. Rc5 Ra6 61. Rc3 Re6 62. Kg3 Rb6 63. Rd3 Re6 64. Rb3 Rc6 65. Ra3 Kh5 66. Rd3 Rb6 67. Rc3 Rd6 68. Rb3 Re6 69. Rc3 Rd6 70. Rb3 Re6 71. Rc3 Rb6 72. Ra3 Rc6 73. Rd3 Rb6 74. Ra3 Rc6 1/2-1/2

[Event "November 21 Late 2023"]
[Site "https://www.chess.com"]
[Date "2023.11.21"]
[Round "4"]
[White "Koc, Przemyslaw"]
[Black "Ambartsumova, Karina"]
[Result "0-1"]
[Board "81"]
[TimeControl "180+1"]
[WhiteFideId "1109081"]
[BlackFideId "4166299"]
[WhiteElo "2118"]
[BlackElo "2240"]
[WhiteTeam "POL"]
[BlackTeam "RUS"]
[WhiteClock "0:00:02"]
[BlackClock "0:00:05"]

1. Nf3 Nf6 2. d4 e6 3. Bg5 d5 4. e3 Be7 5. Bd3 c5 6. c3 Nc6 7. Nbd2 O-O 8. O-O h6 9. Bh4 b6 10. Ne5 Bb7 11. f4 Rc8 12. Bxf6 Bxf6 13. Qh5 Bxe5 14. dxe5 f5 15. g4 Ne7 16. g5 Qe8 17. Qxe8 Rcxe8 18. gxh6 gxh6 19. Kf2 Kf7 20. Be2 Rd8 21. Bh5+ Kg7 22. Rg1+ Kh7 23. Nf3 d4 24. exd4 Bxf3 25. Kxf3 cxd4 26. c4 Rg8 27. Bf7 Rxg1 28. Rxg1 d3 29. Bxe6 Rd4 30. Rd1 Kg7 31. Bd5 Ng6 32. Ke3 Rxf4 33. Rg1 Rh4 34. Rg2 Kh7 35. b3 Nxe5 36. Be6 f4+ 37. Kd2 f3 38. Bf5+ Kh8 39. Rf2 Rf4 40. Be6 Kg7 41. Bd5 Kf6 42. Ke3 Rf5 43. Bxf3 d2 44. Rxd2 Rxf3+ 45. Ke4 Ke6 46. Rd5 Rf5 47. b4 Rh5 48. Rd2 Rh4+ 49. Ke3 Nxc4+ 0-1

[Event "November 21 Late 2023"]
[Site "https://www.chess.com"]
[Date "2023.11.21"]
[Round "4"]
[White "GatoRojo150"]
[Black "Miszler, Levente"]
[Result "1/2-1/2"]
[Board "82"]
[TimeControl "180+1"]
[BlackFideId "763276"]
[WhiteElo "2585"]
[BlackElo "2186"]
[BlackTeam "HUN"]
[WhiteClock "0:00:12"]
[BlackClock "0:00:34"]

1. e4 e6 2. d4 d5 3. Nc3 Nf6 4. Bg5 dxe4 5. Nxe4 Nbd7 6. Nxf6+ Nxf6 7. Bxf6 Qxf6 8. Nf3 c5 9. Bb5+ Bd7 10. Bxd7+ Kxd7 11. dxc5+ Kc7 12. O-O Bxc5 13. c3 Rad8 14. Qe2 Qg6 15. Ne5 Qf5 16. Rae1 Rd5 17. b4 Bb6 18. a4 a5 19. Nc4 Rhd8 20. bxa5 Ba7 21. Rb1 Rd3 22. Rb5 R8d5 23. Qb2 Qxf2+ 24. Qxf2 Bxf2+ 25. Kxf2 Rxc3 26. Rxd5 exd5 27. Ne3 Rc5 28. Rd1 Kc6 29. Rd4 Rxa5 30. Nf5 g6 31. Ne3 b5 32. axb5+ Rxb5 33. Rd2 Kd6 34. Nc2 Ke5 35. Re2+ Kd6 36. Rd2 Rb3 37. Nd4 Rb4 38. Nc2 Rb2 39. Ke1 Ke5 40. Ne3 Rxd2 41. Kxd2 Ke4 42. Nc2 f5 43. Ne1 g5 44. Nd3 h5 45. Ke2 h4 46. Nf2+ Ke5 47. h3 Kf4 48. Nd3+ Kg3 49. Kf1 g4 50. hxg4 fxg4 51. Ne5 h3 52. gxh3 gxh3 53. Kg1 d4 54. Nd3 Kf3 55. Nc5 Ke3 56. Kh2 d3 57. Nxd3 Kxd3 58. Kxh3 1/2-1/2

[Event "November 21 Late 2023"]
[Site "https://www.chess.com"]
[Date "2023.11.21"]
[Round "4"]
[White "Bettalli, Francesco"]
[Black "Gutkin, Ilya"]
[Result "1-0"]
[Board "83"]
[TimeControl "180+1"]
[WhiteFideId "2816453"]
[BlackFideId "16203470"]
[WhiteElo "2226"]
[BlackElo "2248"]
[WhiteTeam "ITA"]
[BlackTeam "GER"]
[WhiteClock "0:00:06"]
[BlackClock "0:00:00"]

1. d4 d5 2. Nc3 Nf6 3. Bf4 Bf5 4. f3 e6 5. g4 Bg6 6. h4 h5 7. g5 Nfd7 8. e3 a6 9. Bd3 Bxd3 10. Qxd3 c5 11. Nge2 Nc6 12. a3 Rc8 13. Kf2 cxd4 14. exd4 Nb6 15. Rae1 Bd6 16. g6 f6 17. Qe3 Kd7 18. Bxd6 Kxd6 19. Nf4 Re8 20. Nxe6 Rxe6 21. Qxe6+ Kc7 22. Qf7+ Qd7 23. a4 Qxf7 24. gxf7 Rf8 25. a5 Nxa5 26. Re7+ Nd7 27. Rhe1 Nc6 28. Nxd5+ Kd6 29. Re8 Rxf7 30. c4 Nxd4 31. b4 Ne5 32. Rd8+ Kc6 33. Rd1 Ndxf3 34. Rc8+ Kd7 35. Rc7+ Ke8 36. Rc8+ Kd7 37. Rh8 Nxh4 38. Rxh5 Nhg6 39. Rf5 Ke6 40. Rh5 Nf4 41. Nxf4+ Ke7 42. Kg3 g5 43. Nd5+ Ke6 44. Rf1 Nxc4 45. Nc3 f5 46. Rxg5 Ke5 47. Re1+ Kd4 48. Ne2+ Ke3 49. Nf4+ Kd2 50. Re2+ Kd1 51. Rg8 Rd7 52. Rge8 Nd2 53. Re1+ Kc2 54. Rc8+ Kb3 55. Ne2 Ne4+ 56. Kf4 Nd6 57. Rb1+ Ka2 58. Rcc1 Nb5 59. Ra1+ Kb2 60. Rab1+ Ka2 61. Rh1 Rd2 62. Ke3 1-0

[Event "November 21 Late 2023"]
[Site "https://www.chess.com"]
[Date "2023.11.21"]
[Round "4"]
[White "Guerra Tulcan, Lenin"]
[Black "Van Osch, Mees"]
[Result "0-1"]
[Board "84"]
[TimeControl "180+1"]
[WhiteFideId "3601382"]
[BlackFideId "1035967"]
[WhiteElo "2368"]
[BlackElo "2324"]
[WhiteTeam "ECU"]
[BlackTeam "NED"]
[WhiteClock "0:00:01"]
[BlackClock "0:00:18"]

1. e4 c6 2. Nf3 d5 3. exd5 cxd5 4. Ne5 Nc6 5. Bb5 Qb6 6. Bxc6+ bxc6 7. O-O Nf6 8. b3 Bf5 9. Bb2 e6 10. d3 Bd6 11. Nd2 O-O 12. h3 a5 13. a4 Qc7 14. Ndf3 Nd7 15. Re1 Nxe5 16. Nxe5 f6 17. Nf3 e5 18. Rc1 Rab8 19. c4 d4 20. c5 Be7 21. Qc2 Bg6 22. Nd2 Qb7 23. Ba3 Bf7 24. Rb1 Qa7 25. Rb2 Rfd8 26. Rc1 Rd5 27. b4 axb4 28. Bxb4 Rd7 29. Nc4 Bxc5 30. Bxc5 Rxb2 31. Qxb2 Qxc5 32. Qb8+ Qf8 33. Qb6 Qc8 34. a5 Rb7 35. Qc5 Rb5 36. Qe7 Rb7 37. Nd6 Rxe7 38. Nxc8 Rc7 39. Rxc6 Rxc6 40. Ne7+ Kf8 41. Nxc6 Bd5 42. Nb4 Ba8 43. f3 Ke7 44. Kf2 Kd6 45. Kg3 Kc5 46. Na6+ Kd6 47. Kh4 Bb7 48. Nb4 Kc5 49. a6 Ba8 50. Nc2 Kb6 51. f4 Bxg2 52. fxe5 fxe5 53. Kg4 Kxa6 54. h4 g6 55. Kg5 Bf1 56. Kf6 Bxd3 57. Nb4+ Kb5 58. Nxd3 e4 59. Nf2 e3 60. Nd3 Kc4 61. Ne5+ Kc3 62. Kg7 d3 63. Kxh7 d2 64. Nxg6 d1=Q 65. h5 Qxh5+ 66. Kg7 Qxg6+ 67. Kxg6 e2 68. Kf7 e1=Q 0-1

[Event "November 21 Late 2023"]
[Site "https://www.chess.com"]
[Date "2023.11.21"]
[Round "4"]
[White "Haszon, David"]
[Black "Deng, Henry"]
[Result "0-1"]
[Board "85"]
[TimeControl "180+1"]
[WhiteFideId "733610"]
[BlackFideId "30965454"]
[WhiteElo "2182"]
[BlackElo "2563"]
[WhiteTeam "HUN"]
[BlackTeam "USA"]
[WhiteClock "0:00:18"]
[BlackClock "0:00:21"]

1. e4 c5 2. a3 g6 3. b4 Bg7 4. c3 d5 5. exd5 Qxd5 6. Qf3 Qxf3 7. Nxf3 cxb4 8. axb4 Nc6 9. b5 Ne5 10. Nxe5 Bxe5 11. d4 Bg7 12. Be2 Nf6 13. Bf3 O-O 14. O-O Rd8 15. Re1 e6 16. Na3 Nd5 17. Bd2 Bd7 18. Reb1 Rab8 19. g3 Rdc8 20. Rb3 Rc7 21. Nc2 Rbc8 22. Bxd5 exd5 23. Ne3 Be6 24. Rxa7 b6 25. Ra6 Rb7 26. Ng2 Re8 27. Nf4 Bh6 28. Kg2 Bf5 29. Be3 Be4+ 30. Kf1 Bxf4 31. Bxf4 Bd3+ 32. Kg2 Be4+ 33. Kh3 Bd3 34. Be3 Bf1+ 35. Kg4 Be2+ 36. Kh3 Bf1+ 37. Kh4 Re4+ 38. g4 h5 39. h3 hxg4 40. hxg4 Be2 41. Kg5 Kg7 42. Bf4 f6+ 43. Kh4 Rxf4 44. f3 Rxf3 45. Rba3 g5+ 46. Kh5 Rh3# 0-1

[Event "November 21 Late 2023"]
[Site "https://www.chess.com"]
[Date "2023.11.21"]
[Round "4"]
[White "elmusmolamas"]
[Black "Buchenau, Frank"]
[Result "1-0"]
[Board "86"]
[TimeControl "180+1"]
[BlackFideId "4604350"]
[WhiteElo "2563"]
[BlackElo "2157"]
[BlackTeam "GER"]
[WhiteClock "0:02:10"]
[BlackClock "0:00:00"]

1. e4 e6 2. d4 d5 3. Bd3 dxe4 4. Bxe4 Nf6 5. Bf3 c5 6. Ne2 Nc6 7. Be3 cxd4 8. Nxd4 Ne5 9. Be2 Nd5 10. Bd2 Bc5 11. c3 O-O 12. O-O Bd7 13. Re1 Nc6 14. Nb3 1-0

[Event "November 21 Late 2023"]
[Site "https://www.chess.com"]
[Date "2023.11.21"]
[Round "4"]
[White "TheAlienParty"]
[Black "Erzhanov, Arman"]
[Result "0-1"]
[Board "87"]
[TimeControl "180+1"]
[BlackFideId "4138821"]
[WhiteElo "2391"]
[BlackElo "2171"]
[BlackTeam "KAZ"]
[WhiteClock "0:00:17"]
[BlackClock "0:00:45"]

1. c4 d6 2. Nc3 g6 3. g3 Bg7 4. Bg2 e5 5. e3 Nc6 6. Nge2 Be6 7. Nd5 Qd7 8. Rb1 Nd8 9. b3 c6 10. Ndc3 Bh3 11. O-O h5 12. f3 Bxg2 13. Kxg2 h4 14. Rh1 h3+ 15. Kf2 f5 16. d4 Nf7 17. b4 a6 18. a4 Nf6 19. b5 axb5 20. axb5 e4 21. fxe4 fxe4 22. bxc6 bxc6 23. Nf4 Qf5 24. Ke1 Ng5 25. Kd2 Nf3+ 26. Kc2 O-O 27. Bd2 Rfb8 28. Nfe2 Ng4 29. Rxb8+ Rxb8 30. Qa1 c5 31. Qa7 Re8 32. Nd5 cxd4 33. Nxd4 Nxd4+ 34. exd4 e3+ 35. Kc3 exd2 36. Ne7+ Rxe7 37. Qxe7 Qf3+ 38. Kxd2 Qxh1 39. Qd8+ Kh7 40. Qh4+ Bh6+ 41. Kc3 Qf3+ 42. Kb4 Qb7+ 43. Kc3 Nf2 44. Qxh3 Nxh3 0-1

[Event "November 21 Late 2023"]
[Site "https://www.chess.com"]
[Date "2023.11.21"]
[Round "4"]
[White "Bugayev, Vladimir"]
[Black "Omariev, Maksim"]
[Result "1-0"]
[Board "88"]
[TimeControl "180+1"]
[WhiteFideId "30901480"]
[BlackFideId "4193423"]
[WhiteElo "2372"]
[BlackElo "2524"]
[WhiteTeam "USA"]
[BlackTeam "RUS"]
[WhiteClock "0:00:10"]
[BlackClock "0:00:01"]

1. e4 h5 2. d4 h4 3. Nc3 d6 4. h3 e5 5. f4 exd4 6. Qxd4 Nc6 7. Bb5 Bd7 8. Bxc6 bxc6 9. Be3 Be7 10. O-O-O Nf6 11. Nf3 Nh5 12. Rhe1 O-O 13. Qd3 Re8 14. e5 Ng3 15. Ng5 Bxg5 16. fxg5 Rxe5 17. g6 fxg6 18. Bf4 Rxe1 19. Rxe1 Qf6 20. Bxg3 hxg3 21. Qxg3 Rb8 22. b3 Bf5 23. Qe3 c5 24. g4 Bd7 25. Nd5 Qa1+ 26. Kd2 Qxa2 27. Ne7+ Kh7 28. Nxg6 Kxg6 29. Qd3+ Kh6 30. g5+ Kxg5 31. Rg1+ Kf6 32. Qg6+ Ke5 33. Rg5+ Kd4 34. Qd3# 1-0

[Event "November 21 Late 2023"]
[Site "https://www.chess.com"]
[Date "2023.11.21"]
[Round "4"]
[White "Estrategia_vs_Tactica"]
[Black "Seletsky, Grigory"]
[Result "1-0"]
[Board "89"]
[TimeControl "180+1"]
[BlackFideId "14112191"]
[WhiteElo "2321"]
[BlackElo "2482"]
[BlackTeam "UKR"]
[WhiteClock "0:01:43"]
[BlackClock "0:00:20"]

1. d4 d6 2. Nf3 Nf6 3. g3 g6 4. Bg2 Bg7 5. O-O O-O 6. c4 c6 7. Nc3 Qa5 8. b3 Qh5 9. e3 Bh3 10. Nh4 Qxd1 11. Rxd1 Bxg2 12. Nxg2 Nbd7 13. Bb2 d5 14. cxd5 Nxd5 15. Nxd5 cxd5 16. Rac1 Rfc8 17. Ne1 e6 18. Kf1 Bf8 19. Ke2 Bd6 20. Nd3 Kf8 21. a4 Ke7 22. Bc3 Kd8 23. Bb4 Bxb4 24. Nxb4 Rxc1 25. Rxc1 Rc8 26. Rxc8+ Kxc8 27. Nd3 Kc7 28. h4 Kd6 29. f3 b6 30. Kd2 f6 31. e4 e5 32. dxe5+ Nxe5 33. exd5 Nxd3 34. Kxd3 Kxd5 35. g4 g5 36. hxg5 fxg5 37. Kc3 Ke5 38. Kd3 Kf4 39. Ke2 a5 40. Kf2 h6 41. Ke2 Kg3 42. Ke3 Kh4 43. Ke4 h5 44. Kf5 hxg4 45. fxg4 Kg3 46. Kxg5 Kf3 47. Kf5 Ke3 48. g5 Kd3 49. g6 Kc3 50. g7 Kxb3 51. g8=Q+ Kxa4 52. Qa2+ Kb4 53. Ke5 b5 54. Kd4 a4 55. Qb2+ Ka5 56. Kc5 1-0

[Event "November 21 Late 2023"]
[Site "https://www.chess.com"]
[Date "2023.11.21"]
[Round "4"]
[White "Jarocka, Liwia"]
[Black "Sydoryka, Vladyslav"]
[Result "0-1"]
[Board "90"]
[TimeControl "180+1"]
[WhiteFideId "21807558"]
[BlackFideId "14145928"]
[WhiteElo "2001"]
[BlackElo "2271"]
[WhiteTeam "POL"]
[BlackTeam "UKR"]
[WhiteClock "0:00:00"]
[BlackClock "0:00:03"]

1. e4 c6 2. d4 d5 3. Nc3 dxe4 4. Nxe4 Bf5 5. Ng3 Bg6 6. h4 h6 7. Nf3 e6 8. h5 Bh7 9. Bd3 Bxd3 10. Qxd3 Nf6 11. Bd2 c5 12. Ne4 Nc6 13. Bc3 cxd4 14. Nxd4 Be7 15. O-O-O Nxd4 16. Bxd4 Qc7 17. Nxf6+ Bxf6 18. Bxf6 gxf6 19. Qb5+ Qc6 20. Qxc6+ bxc6 21. b3 Rg8 22. g3 Rd8 23. Rxd8+ Kxd8 24. Rh4 Rg5 25. Kd2 Kc7 26. a4 Kb6 27. Rb4+ Kc7 28. Rh4 f5 29. Kc3 Rg8 30. Rh1 Rg4 31. Rh3 f4 32. gxf4 Rxf4 33. Rh2 Kd6 34. Kd3 Kd5 35. Ke3 e5 36. Kd3 Rf3+ 37. Ke2 Rf5 38. Rh4 a5 39. Ke3 Rg5 40. Ke2 Rg1 41. Rh3 f5 42. Rd3+ Ke6 43. Rc3 Kd6 44. Rd3+ Kc7 45. Rh3 Rg5 46. Rh4 Kd6 47. Rh3 e4 48. Ke3 Ke5 49. Ke2 f4 50. Rc3 Kd5 51. Rh3 Rg1 52. Rh4 f3+ 53. Kd2 Kd4 54. c3+ Ke5 55. Rh3 Rf1 56. Rh2 Kf4 57. Rh4+ Kf5 58. Rh2 Rb1 59. Kc2 Rf1 60. Kd2 Ke5 0-1